 Dungeon Crawl Stone Soup version 0.21.1-1-g345015f (webtiles) character file.

2769 glosham the Grappler (level 9, -2/74 HPs)
             Began as a Ghoul Abyssal Knight on June 5, 2018.
             Was a High Priest of Lugonu.
             Slain by a manticore (6 damage)
             ... on level 11 of the Dungeon on June 6, 2018.
             The game lasted 01:11:07 (3173 turns).

glosham the Grappler (Ghoul Abyssal Knight)         Turns: 3173, Time: 01:11:08

Health: -2/74      AC:  8    Str: 17    XL:     9   Next: 69%
Magic:  9/9        EV: 17    Int:  7    God:    Lugonu [*****.]
Gold:   126        SH:  4    Dex: 10    Spells: 5/8 levels left

rFire    . . .     SeeInvis .     - Unarmed
rCold    + . .     Gourm    .   Z - +0 buckler
rNeg     + + +     Faith    +   X - +1 troll leather armour
rPois    ∞         Spirit   .   U - +0 helmet
rElec    .         Reflect  .   (no cloak)
rCorr    .         Harm     .   (no gloves)
MR       .....                  W - +1 pair of boots
Stlth    +.........             z - amulet of faith {!P}
HPRegen  0.00/turn              A - +6 ring of evasion
MPRegen  0.11/turn              (no ring)

@: rotting
A: rotting body, claws 1, carnivore, cold resistance 1, negative energy
resistance 3, inhibited regeneration, torment resistance, unbreathing
a: Depart the Abyss, Bend Space, Banish, Corrupt, Enter the Abyss, Renounce
Religion


You were on level 11 of the Dungeon.
You worshipped Lugonu.
Lugonu was extremely pleased with you.
You were not hungry.

You visited 1 branch of the dungeon, and saw 11 of its levels.
You visited the Abyss 1 time.
You also visited: Sewer.

You collected 538 gold pieces.
You spent 412 gold pieces at shops.

Inventory:

Hand Weapons
 c - a +0 blowgun
Missiles
 u - 17 poisoned needles
Armour
 j - a +1 scale mail
 k - a +0 leather armour of fire resistance
 y - a +0 robe of magic resistance
 U - a +0 helmet (worn)
 W - a +1 pair of boots (worn)
 X - a +1 troll leather armour (worn)
 Z - a +0 buckler (worn)
Magical Staves
 b - an uncursed staff of air
Jewellery
 z - an amulet of faith (around neck) {!P}
 A - a +6 ring of evasion (left claw)
Wands
 l - a wand of clouds (1)
 C - a wand of random effects (37)
 D - a wand of polymorph (15)
 E - a wand of acid (8)
Scrolls
 g - 3 scrolls of teleportation
 h - a scroll of blinking
 s - 3 scrolls of remove curse
 F - 3 scrolls of magic mapping
Potions
 e - a potion of haste
 m - a potion of ambrosia {unknown}
 n - 2 potions of flight {unknown}
 o - 3 potions of agility {unknown}
 p - 6 potions of heal wounds
 q - 2 potions of might {unknown}
 r - 5 potions of curing
 v - a potion of invisibility {unknown}
 w - 2 potions of magic
Books
 d - a book of Transfigurations

   Spells                             Type                      Level
   a - Irradiate                      Conjuration/Transmutation    5
   b - Statue Form                    Transmutation/Earth          6
   c - Hydra Form                     Transmutation                6
   d - Dragon Form                    Transmutation                7
 x - a book of Cantrips

   Spells                             Type                      Level
   a - Confusing Touch                Hexes                        1
   b - Animate Skeleton               Necromancy                   1
   c - Summon Small Mammal            Summoning                    1
   d - Apportation                    Translocation                1
Comestibles
 a - 10 rations
 f - 21 chunks of flesh


   Skills:
 - Level 5.5 Fighting
 - Level 2.0 Armour
 - Level 0.8 Dodging
 - Level 2.2 Shields
 * Level 12.8 Unarmed Combat
 - Level 2.0 Invocations


You had 5 spell levels left.
You knew the following spells:

 Your Spells              Type           Power        Failure   Level  Hunger
a - Apportation           Tloc           #.....       56%         1    ##.....
c - Confusing Touch       Hex            #.....       56%         1    ##.....
A - Animate Skeleton      Necr           N/A          56%         1    ##.....


Dungeon Overview and Level Annotations

Branches:
Dungeon (11/15)            Temple (0/1) D:6
   Lair: D:8-11         Orc: D:9-12

Altars:
Nemelex Xobeh

Shops:
D:11 *


Innate Abilities, Weirdness & Mutations

Your body is rotting away.
You thrive on raw meat.
You are immune to poison.
You have sharp fingernails.
You are carnivorous and can eat meat at any time.
Your flesh is cold resistant. (rC+)
You are immune to negative energy. (rN+++)
You do not regenerate when monsters are visible.
You are immune to unholy pain and torment.
You can survive without breathing.


Message History

The manticore misses you. The manticore claws you!
You claw the manticore!
The manticore is moderately wounded.
The manticore bites you! The manticore claws you!
The manticore barely misses you.
You closely miss the manticore.
The manticore is moderately wounded.
You scratch the manticore.
The manticore is moderately wounded.
The manticore completely misses you. The manticore claws you!
* * * LOW HITPOINT WARNING * * *
The manticore barely misses you.
Some of the chunks of flesh in your inventory have rotted away.
Throwing (i - inventory):
G - a throwing net (quivered)
Press: ? - help, Shift-Dir - straight line, f - manticore
Aim: a manticore (moderately wounded)
You throw a throwing net. The throwing net hits the manticore.
The manticore is caught in the net!
The manticore is moderately wounded.
The manticore struggles against the net.
You claw the manticore!
The manticore is moderately wounded.
The manticore struggles against the net.
You scratch the manticore.
The manticore is heavily wounded.
The manticore struggles against the net.
You scratch the manticore.
The manticore is heavily wounded.
The manticore struggles against the net.
The net rips apart, and the manticore comes free!
Firing (i - inventory): No suitable missiles.
Press: ? - help, Shift-Dir - straight line, f/p - manticore
Aim: a manticore (heavily wounded)
Okay, then.
Eat one of 22 chunks of flesh? (ye/n/q)
You eat one of the 22 chunks of flesh.
This raw flesh tastes great!
The manticore bites you!!
* * * LOW HITPOINT WARNING * * *
The manticore claws you.
You die...

+**** *,,,,* *,* ,* *,,,,* *,* ,*
**,*** *,* ,* **** *,* *,* ,*
**,,***,*** ****##.***** **
**,,,,**,,,* *,,....,,,,*
******,,,,,,*##+## *,....<,,,,*
,,,,+,,,,,,,,#...#####......,,,,*
,,,,+,,,,,,,,#..@##.........,,,,*
,,,,**,,,,,,##...H..##......,,,,*
,>,,,**,,,,##....####*,.....,,,,*
,,,,>***,,##.....# *,,..H.,,,,*
,,,,,+,***#......# *,,,...,,,,*
,,,,,*** ######## *****##*****
,,,,,* ******


You could see a manticore.

Vanquished Creatures
  2 trolls (D:10)
  Edmund (D:4)
  A soldier ant (D:10)
  An ice beast (D:10)
  A black bear (D:6)
  A phantom (D:4)
  2 ogres (D:6)
  2 big kobolds (Sewer)
  5 bullfrogs
  2 scorpions
  5 wights (D:6)
  A crimson imp (D:6)
  2 orc priests
  2 hounds
  10 orc wizards
  2 iguanas
  5 worker ants
  A hound skeleton (D:10)
  A worker ant zombie (D:6)
  4 gnolls
  11 adders
  A howler monkey skeleton (D:5)
  4 river rats (Sewer)
  2 oozes
  An adder skeleton (D:4)
  A worm (D:4)
  7 leopard geckos
  24 orcs
  7 giant cockroaches
  2 goblins (D:3)
  2 hobgoblins
  6 jackals
  17 kobolds
  A quokka (D:4)
  6 ball pythons (Sewer)
  A bat (D:3)
  3 frilled lizards
  21 rats
168 creatures vanquished.

Notes
Turn   | Place    | Note
-------+----------+-------------------------------------------
     0 | Abyss:1  | glosham the Ghoul Abyssal Knight began the quest for the Orb.
     0 | Abyss:1  | Reached XP level 1. HP: 19/19 MP: 1/1
    28 | Abyss:1  | Noticed a quasit
   121 | Abyss:2  | Noticed a rakshasa
   143 | Abyss:2  | Noticed a wraith
   145 | D:1      | Escaped the Abyss
   157 | D:1      | Noticed a formicid
   158 | D:1      | Noticed a gargoyle
   160 | D:1      | Noticed a felid
   160 | D:1      | Noticed a minotaur
   162 | D:1      | Noticed a vine stalker
   162 | D:1      | Noticed a troll
   166 | D:1      | Noticed a centaur
   168 | D:1      | Noticed a demigod
   168 | D:1      | Noticed a spriggan
   170 | D:1      | Noticed a demonspawn
   170 | D:1      | Noticed an ogre
   172 | D:1      | Noticed a tengu
   172 | D:1      | Noticed a vampire
   174 | D:1      | Noticed an octopode
   176 | D:1      | Noticed a halfling
   176 | D:1      | Noticed a naga
   178 | D:1      | Noticed an elf
   178 | D:1      | Noticed a merfolk
   180 | D:1      | Noticed a human
   180 | D:1      | Noticed a ghoul
   182 | D:1      | Noticed a draconian
   182 | D:1      | Noticed a dwarf
   409 | D:2      | Reached skill level 3 in Unarmed Combat
   409 | D:2      | Reached XP level 2. HP: 13/25 MP: 2/2
   445 | D:2      | Reached * piety under Lugonu
   448 | D:2      | Reached XP level 3. HP: 27/31 MP: 3/3
   613 | D:3      | Reached skill level 4 in Unarmed Combat
   618 | D:3      | Reached XP level 4. HP: 29/38 MP: 4/4
   692 | D:3      | Reached skill level 5 in Unarmed Combat
   732 | D:3      | Reached XP level 5. HP: 45/45 MP: 5/5
   818 | D:3      | Reached skill level 6 in Unarmed Combat
   883 | D:3      | Reached ** piety under Lugonu
   883 | D:3      | Reached XP level 6. HP: 32/51 MP: 6/6
   946 | D:4      | Reached skill level 7 in Unarmed Combat
  1023 | D:4      | Noticed a phantom
  1113 | D:4      | Killed a phantom
  1113 | D:4      | Reached skill level 8 in Unarmed Combat
  1113 | D:4      | Reached XP level 7. HP: 57/57 MP: 7/7
  1127 | D:4      | Found a sparkling altar of Nemelex Xobeh.
  1303 | D:4      | Noticed Edmund
  1319 | D:4      | Killed Edmund
  1319 | D:4      | Reached skill level 9 in Unarmed Combat
  1573 | D:4      | Found a glowing drain.
  1578 | Sewer    | Entered a sewer
  1717 | Sewer    | Reached *** piety under Lugonu
  1863 | Sewer    | Reached XP level 8. HP: 54/63 MP: 8/8
  2050 | D:4      | Reached skill level 10 in Unarmed Combat
  2087 | D:4      | Reached skill level 2 in Armour
  2158 | D:4      | Reached **** piety under Lugonu
  2186 | D:5      | Entered Level 5 of the Dungeon
  2242 | D:5      | Learned a level 1 spell: Apportation
  2244 | D:5      | Learned a level 1 spell: Confusing Touch
  2246 | D:5      | Learned a level 1 spell: Animate Skeleton
  2283 | D:6      | Reached skill level 4 in Fighting
  2401 | D:6      | Reached skill level 11 in Unarmed Combat
  2404 | D:6      | Found a staircase to the Ecumenical Temple.
  2414 | D:6      | Reached skill level 5 in Fighting
  2439 | D:6      | Reached XP level 9. HP: 69/74 MP: 9/9
  2836 | D:10     | Entered Level 10 of the Dungeon
  2935 | D:10     | Reached skill level 1 in Shields
  2992 | D:10     | Noticed a troll
  3002 | D:10     | Reached skill level 12 in Unarmed Combat
  3003 | D:10     | Reached ***** piety under Lugonu
  3012 | D:10     | Noticed a troll
  3015 | D:10     | Killed a troll
  3015 | D:10     | Reached skill level 2 in Shields
  3020 | D:10     | Killed a troll
  3099 | D:11     | Found Efraseil's Assorted Antiques.
  3102 | D:11     | Bought a scroll labeled UNAPSI OLALA for 25 gold pieces
  3102 | D:11     | Bought a curved bone wand for 100 gold pieces
  3102 | D:11     | Bought a scroll labeled QENLAE FESYR for 25 gold pieces
  3102 | D:11     | Bought a pair of embroidered boots for 187 gold pieces
  3102 | D:11     | Bought 3 scrolls labeled TATHICK LAOLIWA for 75 gold pieces
  3153 | D:11     | Noticed a manticore
  3173 | D:11     | HP: 4/74 [manticore (20)]
  3173 | D:11     | Slain by a manticore

Skill      XL: |  1  2  3  4  5  6  7  8  9 |
---------------+----------------------------+-----
Unarmed Combat | 3 4 5 6 8 9 11 12 | 12.8
Armour         | 2 |  2.0
Fighting       | 5 |  5.5
Shields        | 2 |  2.2
Dodging        | |  0.8
Invocations    | |  2.0

Action                   |  1- 3 |  4- 6 |  7- 9 || total
-------------------------+-------+-------+-------++-------
Melee: Unarmed           |    99 |   172 |   425 ||   696
       Punch             |       |     3 |     6 ||     9
 Fire: Blowgun           |       |       |     3 ||     3
Throw: Throwing net      |       |       |     5 ||     5
Invok: Depart the Abyss  |     1 |       |       ||     1
Evoke: Wand              |       |       |     3 ||     3
  Use: Scroll            |     6 |     1 |     9 ||    16
 Stab: Confused          |       |       |     2 ||     2
  Eat: Chunk             |    13 |    26 |    32 ||    71
Armor: Scale mail        |    42 |    35 |    93 ||   170
       Leather armour    |     3 |       |       ||     3
       Troll leather arm |       |       |     2 ||     2
Dodge: Dodged            |    63 |    82 |   290 ||   435
Block: Buckler           |       |       |     9 ||     9

Table legend:
 A = Turns spent in this place as a percentage of turns spent in the entire game.
 B = Non-inter-level travel turns spent in this place as a percentage of non-inter-level travel turns spent in the entire game.
 C = Inter-level travel turns spent in this place as a percentage of turns spent in this place.
 D = Turns resting spent in this place as a percentage of non-inter-level travel turns spent in this place.
 E = Turns spent auto-exploring this place as a percentage of non-inter-level travel turns spent in this place.
 F = Non-inter-level travel turns spent in this place divided by the number of levels of this place that you've seen.
                   A       B       C       D       E      F
               +-------+-------+-------+-------+-------+----------------------
         Total | 100.0 | 100.0 |   4.4 |   0.4 |   0.0 | 216.6
       Dungeon |  80.6 |  79.8 |   5.5 |   0.5 |   0.0 | 219.9
         Abyss |   4.6 |   4.8 |   0.0 |   0.0 |   0.0 |  72.5
         Sewer |  14.8 |  15.5 |   0.0 |   0.0 |   0.0 | 469.0
               +-------+-------+-------+-------+-------+----------------------

Table legend:
 A = Kills in this place as a percentage of kills in entire the game.
 B = Kills by you in this place as a percentage of kills by you in the entire game.
 C = Kills by friends in this place as a percentage of kills by friends in the entire game.
 D = Other kills in this place as a percentage of other kills in the entire game.
 E = Experience gained in this place as a percentage of experience gained in the entire game.
 F = Experience gained in this place divided by the number of levels of this place that you have seen.
                   A       B       C       D       E      F
               +-------+-------+-------+-------+-------+----------------------
         Total | 100.0 | 100.0 |   N/A |   N/A | 100.0 | 282.6
       Dungeon |  71.4 |  71.4 |   N/A |   N/A |  91.7 | 330.0
         Sewer |  28.6 |  28.6 |   N/A |   N/A |   8.3 | 327.0
               +-------+-------+-------+-------+-------+----------------------

Vault maps used:
D:1:      kb_arrival_jail
D:2:      uniq_terence
D:3:      first_ration
D:4:      nemelex_xobeh_ov_fountains_minmay, portal_sewer_entry_e,
          nicolae_qazlal_eye_of_the_storm, uniq_edmund
D:6:      minmay_temple_entry_junction_2, uniq_crazy_yiuf_cottage, uniq_sigmund
D:9:      david_lair_shrubbed, hangedman_ranch
D:10:     minmay_gate_of_8, david_orc_1_choice,
          minmay_guarded_unrand_variability, uniq_fannar, uniq_gastronok
D:11:     serial_shops, kennysheep_mini_moat, lightli_wizard_tower
Abyss:2:  hangedman_decor_points
Sewer:    sewer_minmay_treatment
